 Dungeon Crawl Stone Soup version 0.28.0-53-g5a82cb258f (webtiles) character file.

Game seed: 9387671881017574966

541 issech the Skirmisher (level 7, -1/60 HPs)
             Began as a Minotaur Monk on June 30, 2022.
             Slain by a gnoll
             ... wielding a +0 scythe
              (5 damage)
             ... on level 4 of the Dungeon.
             The game lasted 00:10:44 (5283 turns).

issech the Skirmisher (Minotaur Monk)               Turns: 5283, Time: 00:10:44

Health: -1/60      AC:  9    Str: 15    XL:     7   Next: 5%
Magic:  6/6        EV:  8    Int:  7    God:
Gold:   146        SH:  0    Dex: 15    Spells: 6/6 levels left

rFire   . . .      SeeInvis .   z - +2 whip (vamp)
rCold   . . .      Faith    .   (no shield)
rNeg    . . .      Spirit   .   m - +0 chain mail
rPois   .          Reflect  .   (helmet restricted)
rElec   .          Harm     .   (no cloak)
rCorr   .          Rampage  .   (no gloves)
Will    .....                   (no boots)
Stlth   ..........              (no amulet)
HPRegen 0.20/turn               (no ring)
MPRegen 0.10/turn               (no ring)

@: no status effects
A: horns 2, retaliatory headbutt
a: no special abilities


You were on level 4 of the Dungeon.
You visited 1 branch of the dungeon, and saw 4 of its levels.
You also visited: Sewer.

You collected 146 gold pieces.

Inventory:

Hand Weapons
 a - a +0 hand axe
 g - a +1 spear of freezing
 r - a +0 war axe
 s - a +0 war axe
 z - a +2 vampiric whip (weapon)
Missiles
 c - 139 stones (quivered)
 d - 11 sling bullets
 i - 26 bolts
 u - 4 curare-tipped darts
 x - 14 poisoned darts
Armour
 b - a +0 robe
 f - a +0 leather armour
 m - a +0 chain mail (worn)
Wands
 n - a wand of flame (15)
Scrolls
 k - a scroll of immolation {unknown}
 l - 2 scrolls of identify
 v - a scroll of teleportation {unknown}
 w - a scroll of summoning {unknown}
 y - a scroll of enchant armour {unknown}
Potions
 e - a potion of berserk rage {unknown}
 j - 2 potions of magic {unknown}
 o - a potion of flight {unknown}
 p - 2 potions of mutation {unknown}
 q - a potion of experience {unknown}
 t - a potion of might {unknown}


   Skills:
 + Level 4.9 Fighting
 + Level 4.1(5.1) Axes
 + Level 1.4(3.0) Maces & Flails
 + Level 4.3(5.1) Polearms
 + Level 0.1 Throwing
 + Level 4.9 Armour
 + Level 4.2 Dodging
 + Level 2.3 Stealth


You had 6 spell levels left.
You didn't know any spells.
Your spell library contained the following spells:

 Spells                   Type           Power      Damage    Failure   Level
 Ozocubu's Armour         Ice            0%         N/A       100%        3
 Metabolic Englaciation   Hex/Ice        0%         N/A       100%        5
 Simulacrum               Ice/Necr       0%         N/A       100%        6


Dungeon Overview and Level Annotations

Branches:
Dungeon (4/15)              Sewer (visited)
 Temple: D:4-7

Altars:
Cheibriados
Makhleb
Vehumet

Annotations:
D:3 exclusion: statue
D:4 Dowan, Duvessa, Pikel


Innate Abilities, Weirdness & Mutations

You have a pair of horns on your head.
You reflexively headbutt those who attack you in melee.


Message History

Dowan hits you but does no damage. Duvessa hits you with a +0 short sword.
Dowan barely misses you. You furiously retaliate!
You headbutt Dowan! Duvessa hits you with a +0 short sword.
Dowan casts a spell at Duvessa.
Duvessa seems to speed up.
The adder bites you but does no damage. The gnoll hits you with a +0 scythe!
The adder misses you. The lemure hits you. The gnoll hits you with a +0 scythe.
The gnoll closely misses you. You furiously retaliate!
You headbutt the gnoll! The gnoll closely misses you.
The adder barely misses you. 2 orcs come into view.
The orc shouts!
You hear a shout! x2
An orc comes into view. It is wielding a +0 morningstar.
Dowan mumbles some strange words.
Dowan blinks!
A gnoll comes into view. It is wielding a +0 scythe.
The orc moves out of view.
An orc comes into view. It is wielding a +0 dagger.
The orc shouts! x2
An orc comes into view. It is wielding a +0 whip of distortion.
Dowan gestures wildly while chanting.
Dowan blinks!
The orc moves out of view.
A gnoll and an orc priest come into view.
The gnoll shouts!
The orc shouts!
The orc priest shouts!
A gnoll comes into view. It is wielding a +0 scythe.
Pikel waves his whip at you.
The gnoll hits you from afar with a +0 scythe!
* * * LOW HITPOINT WARNING * * *
The orc priest looks satisfied for a moment.
The adder barely misses you.
The gnoll shouts!
You hear an angry hiss.
The orc hits you with a +0 short sword.
* * * LOW HITPOINT WARNING * * *
An orc comes into view.
It is wielding the +11 dagger "Neticump" {holy, *Corrode rC+ Str+3}.
The gnoll barely misses you. The orc barely misses you.
You furiously retaliate!
You headbutt the orc. The orc hits you with a +0 morningstar.
* * * LOW HITPOINT WARNING * * *
The orc hits you but does no damage.
The gnoll hits you from afar with a +0 scythe.
You die...

*,*,,,,,*,,,,**##............
*****..*##.,,,*#..o..#.......
*..##..,,,*#og...#.......
*...#..,,*##5oK.##.......
*#.....####.5#...#,,,....
*#....g.#..5.###....,,...
**......og..g..##....,,,..
*,......oSe.......##.,,,,,
**..o...o@#.....#.#*,,,,,,
*****..#..o.o##..###,..,,,,,,
*,**,........###.# *,,.,,,,,,
**,,*,..##..g.#**.# *,,,,,,,,,
*,,,,,.,*##....,,.#***,,,,,,,,
**,,**,,*,...o.,*,,***,,,,,,,,
*,,,,,,,#.....,*,,,,,,,*,,,,,
*,,,,,,,##.....*,,,,,,**,,,,,
**,,,,,,,*<,*,,**,,,,,,**,,,,


You could see Pikel, Duvessa (fast), 3 lemures, an orc priest, an orc wizard, 4
gnolls, an adder, 8 orcs and a hobgoblin.

Vanquished Creatures
  A necrophage (D:4)
  4 kobold brigands (Sewer)
  A hound (D:4)
  A hound skeleton (D:4)
  3 adders
  4 river rats (Sewer)
  2 worms
  A dart slug (D:2)
  3 bats
  4 endoplasms
  A giant cockroach (D:2)
  4 goblins
  3 hobgoblins
  11 jackals
  3 quokkas (D:3)
  4 ball pythons
  4 frilled lizards
  9 kobolds
  9 rats
72 creatures vanquished.

Vanquished Creatures (others)
  39 plants (Sewer)
39 creatures vanquished.

Grand Total: 111 creatures vanquished

Notes
Turn   | Place    | Note
-------+----------+-------------------------------------------
     0 | D:1      | issech the Minotaur Monk began the quest for the Orb.
     0 | D:1      | Reached XP level 1. HP: 19/19 MP: 0/0
   634 | D:1      | Reached XP level 2. HP: 27/27 MP: 1/1
  1465 | D:2      | Reached XP level 3. HP: 32/33 MP: 2/2
  1725 | D:2      | Found a faded altar of an unknown god.
  1758 | D:2      | Reached skill level 1 in Polearms
  2036 | D:2      | Reached skill level 1 in Armour
  2467 | D:3      | Reached XP level 4. HP: 39/40 MP: 3/3
  2507 | D:3      | Found a radiant altar of Vehumet.
  2507 | D:3      | Noticed a charred statue
  2556 | D:3      | Found a snail-covered altar of Cheibriados.
  2642 | D:3      | Found a glowing drain.
  2646 | Sewer    | Entered a sewer
  2651 | Sewer    | Noticed a kobold brigand
  2667 | Sewer    | Killed a kobold brigand
  2668 | Sewer    | Reached XP level 5. HP: 35/47 MP: 4/4
  3275 | Sewer    | Reached XP level 6. HP: 19/53 MP: 5/5
  5177 | D:4      | Found a burning altar of Makhleb.
  5199 | D:4      | Reached skill level 1 in Maces & Flails
  5199 | D:4      | Reached XP level 7. HP: 45/60 MP: 6/6
  5268 | D:4      | Noticed Duvessa
  5268 | D:4      | Noticed Dowan
  5268 | D:4      | Noticed Pikel
  5282 | D:4      | Identified the +11 dagger "Neticump" {holy, *Corrode rC+
                  | Str+3}
  5283 | D:4      | Slain by a gnoll

Illustrated notes

Levels and vault maps discovered:
D:1:      dpeg_arrival_lava_temple_mockup, layout_basic
D:2:      layout_basic, basic_ecumenical_altar
D:3:      layout_rooms, lemuel_coloured_pillars_altar, vehumet_statue,
          gup_sewer_entry_bowl
D:4:      layout_cave_pools, makhleb_blood_cavern_becter, enter_ossuary_2,
          sigmund_army, uniq_edmund, uniq_duvessa, uniq_pikel, uniq_grinder

Skill      XL: |  1  2  3  4  5  6 |
---------------+-------------------+-----
Axes           | 4 |  4.1
Fighting       | 4 |  4.9
Polearms       | 1 2 4 |  4.3
Stealth        | 2 |  2.3
Armour         | 1 2 3 4 |  4.9
Dodging        | 4 |  4.2
Maces & Flails | 1 |  1.4
Throwing       | |  0.1

Action                   |  1- 3 |  4- 6 |  7- 9 || total
-------------------------+-------+-------+-------++-------
Melee: Spear             |    80 |   107 |       ||   187
       Hand axe          |     4 |       |       ||     4
       Headbutt          |     8 |    49 |       ||    57
       Punch             |     4 |     4 |       ||     8
       Whip              |       |   129 |     2 ||   131
Throw: Stone             |       |     3 |       ||     3
  Use: Scroll            |       |     2 |       ||     2
 Stab: Sleeping          |     5 |       |       ||     5
Armor: Leather armour    |    11 |       |       ||    11
       Chain mail        |    25 |    74 |     6 ||   105
Dodge: Dodged            |    38 |    51 |    12 ||   101
